 Dungeon Crawl Stone Soup version 0.30-a0-1164-ge08a67761e (webtiles) character file.

Game seed: 10092860781128542441

210 mandoloar the Insei (level 5, 0/52 HPs)
             Began as an Octopode Transmuter on Apr 30, 2023.
             Succumbed to Crazy Yiuf's poison
             ... on level 2 of the Dungeon.
             The game lasted 00:08:23 (3976 turns).

mandoloar the Insei (Octopode Transmuter)           Turns: 3976, Time: 00:08:24

Health: 0/52       AC: 26    Str:  9 (10) XL:     5   Next: 87%
Magic:  6/9        EV:  2    Int: 16 (17) God:
Gold:   225        SH:  0    Dex: 17 (18) Spells: 3/10 levels left

rFire   . . .        a - +1 short sword
rCold   . . .        (no shield)
rNeg    . . .        (helmet currently unavailable)
rPois   +            (no amulet)
rElec   .            r - +6 ring of dexterity
rCorr   .            s - +4 ring of protection
SInv    .            k - ring of flight
Will    .....        (no ring)
Stlth   ++           (no ring)
HPRegen 0.28/turn    (no ring)
MPRegen 0.11/turn    (no ring)
                     (no ring)

%: no passive effects
@: mighty, lethally poisoned (0 -> -12), tree-form, wereblooded
A: stationary, stasis, torment immunity, boosted hp, almost no armour,
(amphibious), 8 rings, (camouflage 1), (gelatinous body 1), (nimble swimmer 1),
(tentacles)
a: no special abilities


You were on level 2 of the Dungeon.
You were a tree.
You visited 1 branch of the dungeon, and saw 3 of its levels.

You collected 225 gold pieces.

Inventory:

Hand Weapons
 a - a +1 short sword (weapon)
 b - a +0 sling
Missiles
 g - 5 curare-tipped darts
 j - 28 stones
Jewellery
 d - a ring of fire
 e - an amulet of guardian spirit
 k - a ring of flight (on tentacle)
 r - a +6 ring of dexterity (left branch)
 s - a +4 ring of protection (right branch)
Scrolls
 q - a scroll of fear {unknown}
 t - a scroll of poison {unknown}
Potions
 c - a potion of curing {unknown}
 f - 2 potions of degeneration
 h - 2 potions of lignification
 i - a potion of ambrosia {unknown}
 l - a potion of flight
 m - 2 potions of heal wounds {unknown}


   Skills:
 + Level 2.4 Fighting
 + Level 3.0 Dodging
 + Level 3.8 Unarmed Combat
 + Level 3.0 Spellcasting
 + Level 3.2 Transmutations
 + Level 0.0 Ice Magic


You had 3 spell levels left.
You knew the following spells:

 Your Spells              Type           Power      Damage    Failure   Level
a - Beastly Appendage     Tmut           24%        N/A       4%          1
b - Wereblood             Tmut           12%        N/A       8%          2
c - Ice Form              Ice/Tmut       7%         N/A       67%         4

Your spell library contained the following spells:

 Spells                   Type           Power      Damage    Failure   Level
 Sting                    Tmut/Pois      28%        1d4       10%         1
 Poisonous Vapours        Pois/Air       4%         N/A       28%         2
 Spider Form              Tmut/Pois      7%         N/A       28%         3
 Olgreb's Toxic Radiance  Pois           2%         N/A       88%         4


Dungeon Overview and Level Annotations

Branches:
Dungeon (3/15)

Altars:

Annotations:
D:2 Crazy Yiuf, Terence


Innate Abilities, Weirdness & Mutations

You are a tree.
Your roots penetrate the ground, keeping you stationary.
You cannot be teleported.
You are immune to unholy pain and torment.
Your maximum health is greatly increased.
You cannot wear most types of armour.
((You are amphibious.))
You can wear up to eight rings at the same time.
((Your skin changes colour to match your surroundings (Stealth+).))
((Your rubbery body absorbs attacks. (AC +1, EV +1)))
((You are camouflaged when in or above water. (Stealth+)))
((You have tentacles for arms and can constrict up to eight enemies at once.))


Message History

This is a scroll of acquirement!
Something appears before you!
k - a ring of flight You fly up into the air.
k - a ring of flight (on tentacle)
As you read the scroll labelled TUFYRH YD INIO, it crumbles to dust.
You feel strangely unstable.
It was a scroll of teleportation.
You fly upwards.
Level annotation: 1 runed translucent door, Crazy Yiuf, Terence Your surroundings suddenly seem different.
You see here a +0 short sword.
Crazy Yiuf shouts!
You reach down and open the door.
One of your tentacles grows a vicious spike.
Crazy Yiuf hits you with a +2 quarterstaff of chaos!
You are lethally poisoned!
Casting: Beastly Appendage (safe; 4% risk of failure)
Confirm with . or Enter, or press ? or * to list all spells.
Your blood is infused with primal strength.
You feel extremely sick.
Crazy Yiuf hits you with a +2 quarterstaff of chaos.
You feel very mighty all of a sudden.
You are too injured to fight recklessly!
Really quaff the potion of lignification?
Your tentacle spike disappears.
You turn into a tree.
Your roots penetrate the ground.
* * * LOW HITPOINT WARNING * * *
You feel very sick. Crazy Yiuf barely misses you.
It was a potion of degeneration.
There was something very wrong with that liquid.
You feel weakened.
You feel dopey.
You feel clumsy.
* * * LOW HITPOINT WARNING * * *
You feel very sick.
Crazy Yiuf hits you with a +2 quarterstaff of chaos.
* * * LOW HITPOINT WARNING * * *
Crazy Yiuf freezes you.
* * * LOW HITPOINT WARNING * * *
It was a potion of flight.
Your roots keep you in place.
You die...

#.# #...# #
###
#...#####
#>......#
#####
#.....#.#
#)..#
#...#...##
#...#
###.##....).
...
#.........##
#g#
#.#.##....#
♣♣♣♣
#.........##
♣♣.♣
#.##.##.###.
♣.♣♣
#.##.##.# #.
♣♣.♣
#.......# #.
♣♣.♣♣
##.....## #.
♣♣...♣
#.....# #.
♣...♣♣
#.....# #.
#....#
#.....# ##
##..##
#.....# #


You could see Crazy Yiuf.

Vanquished Creatures
  Jessica (D:2)
  Natasha (twice) (D:2)
  4 adders
  4 gnolls (D:2)
  A worm (D:2)
  2 dart slugs
  An orc (D:3)
  A ball python (D:3)
  3 endoplasms
  2 giant cockroaches
  2 goblins (D:3)
  6 hobgoblins
  2 jackals (D:1)
  3 quokkas
  5 bats
  2 frilled lizards
  8 kobolds
  6 rats
55 creatures vanquished.

Notes
Turn   | Place    | Note
-------+----------+-------------------------------------------
     0 | D:1      | mandoloar the Octopode Transmuter began the quest for the
                  | Orb.
     0 | D:1      | Reached XP level 1. HP: 13/13 MP: 3/3
   324 | D:1      | Reached XP level 2. HP: 15/18 MP: 3/5
   392 | D:1      | Learned a level 2 spell: Wereblood
  1274 | D:2      | Noticed Jessica
  1461 | D:2      | Reached XP level 3. HP: 10/23 MP: 3/6
  1716 | D:2      | HP: 1/24 [poisoned by an adder]
  1962 | D:2      | Killed Jessica
  1963 | D:2      | Reached XP level 4. HP: 23/29 MP: 5/7
  2222 | D:2      | Noticed Natasha
  2230 | D:2      | Killed Natasha
  2231 | D:2      | Reached XP level 5. HP: 15/34 MP: 4/9
  2350 | D:2      | Found a runed translucent door.
  2351 | D:2      | Noticed Crazy Yiuf
  2417 | D:2      | Noticed Natasha
  2429 | D:2      | Killed Natasha
  2655 | D:2      | Noticed Terence
  3080 | D:3      | Found a faded altar of an unknown god.
  3269 | D:3      | Learned a level 4 spell: Ice Form
  3868 | D:3      | Identified a scroll of acquirement
  3868 | D:3      | Acquired a ring of flight
  3976 | D:2      | Succumbed to Crazy Yiuf's poison

Illustrated notes

Levels and vault maps discovered:
D:1:      lightli_arrival_flooded_house, layout_basic
D:2:      layout_loops_cross, kennysheep_generic_room_7, uniq_natasha,
          uniq_crazy_yiuf_cottage, uniq_terence, uniq_jessica
D:3:      layout_loops_ring, nicolae_ecumenical_oubliette

Skill      XL: |  1  2  3  4  5 |
---------------+----------------+-----
Fighting       | 2 |  2.4
Transmutations | 3 |  3.2
Dodging        | 3 |  3.0
Spellcasting   | 3 |  3.0
Unarmed Combat | |  3.8

Action                     |  1- 3 |  4- 6 || total
---------------------------+-------+-------++-------
  Melee: Unarmed           |    23 |       ||    23
         Kick              |    18 |    19 ||    37
         Constrict         |    15 |    17 ||    32
         Tentacles         |     9 |    13 ||    22
         Short sword       |    22 |    71 ||    93
         Punch             |     3 |     1 ||     4
   Fire: Sling             |     4 |       ||     4
  Throw: Stone             |       |     1 ||     1
   Cast: Beastly Appendage |    20 |    15 ||    35
         Wereblood         |     1 |     9 ||    10
    Use: Scroll            |     2 |     4 ||     6
         Potion            |       |     3 ||     3
   Stab: Sleeping          |     3 |       ||     3
 Armour: Skin              |     3 |     6 ||     9
  Dodge: Dodged            |    30 |    42 ||    72

Table legend: (Time is in decaauts)
 A = Elapsed time spent in this place.
 B = Non-inter-level travel time spent in this place.
 C = Inter-level travel time spent in this place.
 D = Time resting spent in this place.
 E = Time spent auto-exploring this place.
 F = Levels seen in this place.
 G = Mean time per level.
                   A        B        C        D        E       F      G
               +--------+--------+--------+--------+--------+-----+--------+
         Total |   3977 |   3600 |    377 |   1075 |   2030 |   3 | 1325.7 |
       Dungeon |   3977 |   3600 |    377 |   1075 |   2030 |   3 | 1325.7 |
               +--------+--------+--------+--------+--------+-----+--------+

Top non-repeatable levels by time:
     D:1: 1789 daAuts
     D:2: 1529 daAuts
     D:3: 658 daAuts
